 Dungeon Crawl Stone Soup version 0.17.1-1-g73c8601 (webtiles) character file.

96 skittles the Twirler (level 4, -4/37 HPs)
             Began as a Draconian Gladiator on Jan 13, 2016.
             Killed by divine providence
             ... invoked by an orc priest
              (10 damage)
             ... on level 3 of the Dungeon.
             The game lasted 00:04:26 (1976 turns).

skittles the Twirler (Draconian Gladiator)          Turns: 1976, Time: 00:04:26

Health: -4/37      AC:  5    Str: 23    XL:     4   Next: 41%
Magic:  4/4        EV: 13    Int:  8    God:
Gold:   138        SH:  0    Dex: 12    Spells: 0 memorised, 3 levels left

rFire  . . .     SeeInvis .     a - +0 quarterstaff
rCold  . . .     Clarity  .     (armour unavailable)
rNeg   . . .     SustAt   .     (shield currently unavailable)
rPois  +         Gourm    .     b - +0 hat
rElec  .         Spirit   .     (no cloak)
rCorr  .         Warding  .     (no gloves)
rMut   .         Stasis   .     (no boots)
MR     .....                    j - amulet of regeneration
Stlth  +.........               (no ring)
                                i - ring of poison resistance

@: mighty, flying, very slightly contaminated, not resistant to hostile
enchantments, very unstealthy
A: unfitting armour, sense surroundings 1, cold-blooded, AC +5
a: no special abilities


You were on level 3 of the Dungeon.
You were not hungry.

You visited 1 branch of the dungeon, and saw 3 of its levels.

You collected 138 gold pieces.

Inventory:

Hand Weapons
 a - a +0 quarterstaff (weapon)
Missiles
 c - 3 throwing nets (quivered)
 r - 64 stones
Armour
 b - a +0 hat (worn)
Rods
 u - a -2 iron rod (12/12)
   (You found it on level 2 of the Dungeon)
Jewellery
 i - a ring of poison resistance (left hand)
 j - an amulet of regeneration (around neck)
 q - an uncursed amulet of stasis
Scrolls
 e - a scroll of amnesia {unknown}
 l - a scroll of blinking
 n - a scroll of remove curse
Potions
 f - a potion of curing
 g - a potion of haste
 h - a potion of lignification
Comestibles
 d - 4 bread rations


   Skills:
 + Level 2.7 Fighting
 + Level 3.9 Staves
 + Level 1.7 Throwing
 + Level 3.8 Dodging
 + Level 0.4 Stealth


You had 3 spell levels left.
You didn't know any spells.

Dungeon Overview and Level Annotations

Branches:
Dungeon (3/15)

Altars:


Innate Abilities, Weirdness & Mutations

Your plain brown scales are hard (AC +5).
Your body does not fit into most forms of armour.
You are cold-blooded and may be slowed by cold attacks.
You passively map a small area around you.


Message History

You flicker for a moment.
Found 16 stones.
The orc priest shouts!
You flicker back into view.
You sock the orc!
You kill the orc! 2 adders come into view.
The orc priest shouts!
The orc wizard shouts!
You hear a shout!
You hear a shout!
The orc priest invokes the aid of Beogh against you.
Something smites you!
An orc comes into view. It is wielding a flail.
Things that are here:
a flail; an orc corpse The orc priest calls down the wrath of Beogh upon you.
Something smites you!
* * * LOW HITPOINT WARNING * * *
The orc priest calls down the wrath of Beogh upon you.
Something smites you!
You die...

#.o. * ,, S.. *
#o# *,*
.######.##### *,
, ......).....#
** * #....#.#.# ,
##.#...#.###### *
# #..oSo..o..###
, *
#.###.#.S.@..## ,
* #.# #.#.......#
... ..#..#.#..#
*##.#####..#.#<.#
* ... #..#.#..#
..( #.......# ..,
##......# , ,
###.#### , #.#


You could see an orc priest, an orc wizard, 2 adders and an orc.

Vanquished Creatures
  An orc priest (D:3)
  2 adders (D:2)
  An ooze (D:1)
  2 worms (D:2)
  An orc (D:3)
  2 ball pythons (D:1)
  A giant cockroach (D:1)
  4 hobgoblins
  2 jackals (D:2)
  4 kobolds
  A quokka (D:2)
  6 bats
  7 goblins
  2 rats
36 creatures vanquished.

Notes
Turn   | Place    | Note
--------------------------------------------------------------
     0 | D:1      | skittles the Draconian Gladiator began the quest for the Orb.
     0 | D:1      | Reached XP level 1. HP: 17/17 MP: 1/1
   204 | D:1      | Reached XP level 2. HP: 25/25 MP: 2/2
  1060 | D:2      | Reached XP level 3. HP: 19/30 MP: 3/3
  1939 | D:3      | Gained mutation: You passively map a small area around you. [potion of beneficial mutation]
  1961 | D:3      | Reached XP level 4. HP: 20/37 MP: 4/4
  1976 | D:3      | Killed from afar by an orc priest

Action                   |  1- 3 |  4- 6 || total
-------------------------+-------+-------++-------
Melee: Quarterstaff      |   101 |     1 ||   102
  Use: Potion            |     7 |       ||     7
       Scroll            |     6 |       ||     6
 Stab: Invisible         |     1 |       ||     1
       Sleeping          |     1 |       ||     1
  Eat: Chunk             |     4 |       ||     4
